Map: World of Sleepers LE

Players

Stephano - Winner!

  • Race: Zerg Zerg
  • Spawn Location: 7:00

JonSnow

  • Race: Zerg Zerg
  • Spawn Location: 1:00

VOD

Have the link to the VOD?

Description

Time

  • Played on: Sept. 6, 2019, 6:34 p.m.
  • Length: 15:30
Show
View Real Time Build Order
Export as new Build Order

Stephano Zerg - Winner!

Build Orders: Hatch First 

Get SALT Encoding   

  12  0:00  Drone  
  13  0:12  Overlord  
  13  0:17  Drone  
  14  0:30  Drone x2  
  16  0:48  Hatchery  
  15  0:50  Drone  
  15  0:54  Drone  
  17  0:57  Drone  
  18  1:07  Extractor  
  17  1:12  Spawning Pool  
  17  1:15  Drone  
  17  1:18  Drone  
  18  1:27  Drone  
  19  1:38  Drone  
  20  1:49  Drone  
  21  1:59  Queen  
  21  2:00  Zergling x2, Queen  
  21  2:01  Overlord  
  26  2:10  Drone  
  26  2:11  Drone  
  26  2:12  Metabolic Boost  
  28  2:21  Drone  
  29  2:23  Drone  
  30  2:31  Hatchery  
  30  2:34  Drone  
  30  2:40  Queen  
  32  2:49  Overlord  
  32  2:52  Drone  
  32  2:58  Baneling Nest  
  32  3:00  Zergling x4  
  32  3:01  Drone  
  32  3:05  Drone  
  36  3:09  Zergling x2  
  36  3:10  Zergling x2  
  36  3:11  Drone  
  39  3:14  Drone  
  39  3:20  Drone x3  
  39  3:24  Queen  
  42  3:27  Zergling x2  
  44  3:34  Zergling x2  
  44  3:35  Overlord  
  44  3:44  Zergling x2, Queen  
  44  3:45  Zergling x4  
  44  3:46  Baneling x2  
  48  3:52  Zergling x6  
  48  3:56  Zergling x2  
  48  3:57  Zergling x4  
  48  3:59  Zergling x2  
  50  4:06  Zergling x4  
  48  4:12  Zergling x4  
  48  4:26  Baneling  
  48  4:27  Baneling  
  48  4:28  Drone  
  49  4:32  Drone  
  50  4:38  Zergling x8  
  50  4:40  Baneling x2  
  55  4:45  Drone x2  
  55  4:46  Drone  
  55  4:54  Zergling x6  
  55  4:56  Overlord  
  57  5:00  Overlord  
  56  5:08  Drone x2  
  56  5:10  Unknown  
  56  5:11  Overlord  
  56  5:14  Roach Warren, Baneling x2  
  55  5:16  Drone x2  
  57  5:25  Baneling x2  
  57  5:28  Drone x2  
  57  5:31  Zergling x10  
  57  5:33  Drone  
  57  5:34  Drone x2  
  64  5:44  Overlord  
  63  5:52  Overlord  
  63  5:55  Overlord  
  63  5:56  Roach x5  
  73  6:01  Roach x2  
  77  6:07  Baneling x3  
  77  6:10  Roach x3  
  82  6:15  Roach x2  
  86  6:22  Roach  
  86  6:23  Roach  
  86  6:25  Zergling x10  
  95  6:29  Zergling x4  
  95  6:30  Zergling x2  
  96  6:33  Zergling x2  
  97  6:40  Zergling x8  
  97  6:46  Zergling x8  
  105  6:49  Baneling  
  105  6:50  Baneling x4  
  105  6:52  Zergling x2  
  105  6:54  Overlord  
  105  6:58  Overlord  
  105  7:00  Baneling x4  
  104  7:10  Zergling x8  
  103  7:15  Zergling x10  
  103  7:20  Zergling x8  
  103  7:21  Zergling x2  
  102  7:26  Zergling x4  
  98  7:33  Zergling x2  
  98  7:34  Zergling x8  
  97  7:42  Zergling x6  
  93  7:49  Roach x6  
  103  7:57  Evolution Chamber  
  102  7:59  Ravager  
  102  8:00  Ravager x3  
  102  8:01  Zergling x2  
  102  8:02  Zergling x8  
  111  8:08  Zergling x4  
  113  8:14  Ravager x2  
  113  8:19  Zergling x14  
  122  8:27  Overlord  
  122  8:29  Overlord  
  122  8:31  Lair  
  122  8:48  Zerg Missile Weapons Level 1  
  122  8:49  Drone x2  
  122  8:53  Overlord  
  122  8:54  Roach x5  
  132  9:08  Roach x2  
  136  9:15  Overlord  
  136  9:18  Overlord  
  136  9:27  Roach x4  
  136  9:28  Overlord  
  144  9:34  Overlord  
  144  9:36  Ravager x2  
  146  9:43  Glial Reconstitution, Extractor  
  146  9:44  Overlord, Extractor  
  144  9:47  Drone x4  
  148  9:54  Drone x3  
  148  9:55  Drone x3  
  148  9:56  Overlord, Drone x3  
  148  9:57  Roach x4  
  165  10:05  Roach  
  165  10:06  Evolution Chamber  
  166  10:11  Overlord, Spine Crawler  
  166  10:12  Spine Crawler  
  164  10:16  Roach x2  
  168  10:26  Roach  
  168  10:27  Roach x4  
  178  10:32  Zerg Ground Armor Level 1  
  178  10:35  Extractor  
  177  10:36  Drone x4  
  177  10:39  Overlord  
  177  10:42  Pneumatized Carapace  
  181  10:53  Ravager x2, Roach  
  181  10:54  Roach x3  
  191  10:59  Roach x3  
  197  11:07  Overlord  
  197  11:08  Overseer  
  197  11:10  Overlord x2  
  196  11:18  Tunneling Claws  
  196  11:20  Zerg Missile Weapons Level 2  
  196  11:24  Overlord  
  196  11:26  Overlord  
  198  11:40  Roach  
  198  11:44  Burrow  
  198  11:45  Hatchery  
  197  11:47  Overlord  
  197  11:51  Overseer x2  
  197  12:02  Overseer  
  197  12:07  Ravager x4  
  196  12:24  Roach x4  
  185  12:33  Roach x6  
  185  12:37  Roach x11  
  199  12:44  Roach  
  199  12:48  Extractor  
  199  12:50  Extractor  
  197  12:52  Overlord  
  197  13:01  Roach  
  199  13:08  Roach x4  
  199  13:16  Roach x2  
  200  13:26  Roach x4  
  200  13:45  Roach  
  200  13:48  Roach  
  195  13:50  Roach x10  
  187  13:55  Roach  
  187  13:56  Roach x6  
  197  14:07  Roach x2  
  191  14:22  Roach x7  
  167  14:25  Roach x8  
  167  14:27  Roach x5  
  169  14:32  Roach x14  
  169  14:37  Roach  
  169  14:38  Roach x2  
  193  14:45  Overseer  
  187  14:50  Roach x15  
  187  14:52  Ravager x4, Roach  
  193  14:57  Roach x3  
  199  15:04  Roach  
  199  15:05  Roach  
Show
View Real Time Build Order
Export as new Build Order

JonSnow Zerg 

Build Orders: Hatch First 

Get SALT Encoding   

  12  0:00  Drone  
  13  0:12  Overlord  
  13  0:16  Drone  
  14  0:31  Drone x2  
  16  0:36  Drone  
  17  0:51  Hatchery  
  17  0:54  Drone  
  17  0:58  Drone  
  18  1:08  Extractor  
  17  1:13  Spawning Pool  
  17  1:16  Drone  
  17  1:18  Drone  
  18  1:28  Drone  
  19  1:39  Drone  
  20  1:51  Overlord  
  20  2:00  Queen  
  22  2:02  Queen  
  22  2:03  Drone  
  22  2:04  Drone  
  26  2:09  Metabolic Boost  
  26  2:13  Drone  
  27  2:16  Zergling x2  
  29  2:22  Zergling x2  
  29  2:26  Zergling x2  
  30  2:35  Drone  
  31  2:40  Hatchery  
  30  2:45  Drone x2  
  32  2:53  Baneling Nest  
  32  2:57  Overlord  
  31  3:02  Drone  
  32  3:06  Zergling x4  
  32  3:10  Zergling x4  
  36  3:18  Zergling x10  
  39  3:22  Zergling x2  
  40  3:28  Zergling x2  
  40  3:31  Zergling x2  
  42  3:37  Baneling x2  
  42  3:39  Zergling x2  
  43  3:44  Zergling x2  
  43  3:50  Evolution Chamber  
  43  3:54  Drone x3  
  42  4:00  Zergling x12  
  44  4:14  Zergling x2  
  44  4:15  Zergling x8  
  44  4:20  Drone  
  44  4:21  Zerg Missile Weapons Level 1  
  44  4:23  Queen  
  46  4:24  Drone  
  46  4:25  Baneling x2  
  46  4:26  Baneling  
  46  4:30  Zergling x4  
  49  4:33  Baneling  
  49  4:37  Overlord  
  49  4:50  Drone  
  50  4:53  Overlord, Extractor  
  50  4:54  Roach Warren  
  47  5:01  Drone  
  48  5:09  Drone x9  
  48  5:13  Baneling  
  57  5:15  Drone  
  57  5:17  Drone  
  59  5:25  Zergling x4  
  58  5:28  Baneling  
  58  5:30  Drone x5  
  63  5:36  Overlord  
  63  5:38  Extractor  
  61  5:44  Lair  
  61  5:46  Roach  
  61  5:47  Roach  
  61  5:48  Drone  
  65  5:52  Overlord  
  65  5:53  Overlord  
  65  5:58  Baneling x2, Extractor  
  63  6:10  Roach x2  
  67  6:13  Roach x4  
  67  6:16  Roach x2  
  78  6:18  Baneling  
  78  6:22  Drone x5  
  83  6:31  Roach x3  
  88  6:34  Drone x2  
  89  6:42  Overlord  
  89  6:43  Overlord  
  89  6:44  Glial Reconstitution, Spine Crawler  
  86  6:47  Baneling x2  
  86  6:48  Baneling  
  86  6:54  Roach x2  
  90  7:03  Roach x6  
  102  7:11  Roach x3  
  104  7:17  Roach  
  104  7:18  Roach x2  
  104  7:20  Roach  
  90  7:23  Roach  
  90  7:26  Roach  
  78  7:30  Roach  
  76  7:37  Roach  
  76  7:40  Roach  
  74  7:45  Roach  
  74  7:52  Roach x2  
  74  7:57  Roach  
  80  8:00  Roach  
  80  8:04  Roach  
  84  8:09  Roach  
  88  8:13  Roach x2  
  88  8:18  Roach  
  92  8:26  Queen  
  94  8:28  Roach x2  
  98  8:36  Overlord  
  98  8:37  Overlord  
  98  8:43  Overlord x2  
  98  8:54  Roach x3  
  104  8:56  Ravager  
  104  8:57  Ravager  
  106  9:03  Roach x2  
  106  9:09  Roach  
  112  9:16  Roach x2  
  112  9:17  Roach  
  118  9:20  Roach  
  120  9:27  Overlord  
  120  9:30  Zerg Missile Weapons Level 2  
  120  9:35  Overlord  
  120  9:44  Pneumatized Carapace  
  120  9:48  Hatchery  
  119  9:55  Ravager x2  
  119  9:57  Roach  
  123  10:04  Overlord  
  123  10:11  Overlord x2  
  123  10:22  Queen  
  123  10:26  Roach x3  
  131  10:30  Overseer  
  131  10:32  Roach x3  
  137  10:38  Roach x2  
  141  10:45  Roach  
  141  10:46  Roach  
  145  10:53  Roach  
  145  10:55  Overlord x2  
  147  11:09  Roach x3  
  153  11:19  Roach x4  
  153  11:23  Overlord  
  153  11:25  Ravager x3  
  164  11:34  Overlord x2  
  164  11:41  Unknown  
  164  11:46  Drone  
  164  11:47  Drone x5  
  169  11:56  Zerg Ground Armor Level 1  
  169  11:58  Overlord  
  171  12:01  Roach  
  171  12:03  Ravager  
  171  12:08  Roach x2  
  176  12:15  Roach x2  
  180  12:24  Roach x4  
  186  12:33  Roach x3  
  164  12:40  Roach  
  164  12:41  Roach  
  166  12:50  Roach x3  
  172  12:55  Roach x2  
  176  12:59  Roach  
  176  13:03  Roach x2  
  182  13:06  Roach  
  182  13:11  Roach x2  
  188  13:14  Overseer  
  188  13:18  Roach  
  190  13:21  Overlord  
  190  13:33  Overseer  
  188  13:38  Ravager x3  
  188  13:39  Ravager  
  188  13:48  Roach  
  188  13:49  Roach x2  
  188  13:51  Overseer  
  194  14:06  Roach x2  
  194  14:13  Roach  
  180  14:20  Roach x7  
  167  14:28  Roach x2  
  124  14:32  Roach  
  124  14:37  Roach  
  105  14:39  Roach  
  105  14:44  Ravager x2  
  105  14:45  Roach  
  105  14:46  Ravager x4  
  105  14:48  Roach  
  111  14:53  Roach x2  
  111  14:56  Roach  
  117  15:02  Roach  
  117  15:05  Roach  
  119  15:08  Roach  
Tags
 
Add a new tag
Caveats
  • Supply blocks, unpowered buildings, or Contaminate may cause inaccurate times.
  • Supply counts are checked every 10 seconds.